 Dungeon Crawl Stone Soup version 0.31-a0-486-g8d68a81214 (webtiles) character file.

Game seed: 3571174307616448026

2 AstroCodex24 the Shield-Bearer (level 1, 0/17 HPs)
             Began as a Vampire Fighter on Aug 7, 2023.
             Slain by a gnoll
             ... wielding a +0 whip of draining
              (2 damage)
             ... on level 2 of the Dungeon.
             The game lasted 00:01:47 (205 turns).

AstroCodex24 the Shield-Bearer (Vampire Fighter)     Turns: 205, Time: 00:01:49

Health: 0/17       AC:  8    Str: 15    XL:     1   Next: 25%
Magic:  1/1        EV:  9    Int: 10    God:
Gold:   30         SH:  4    Dex: 13    Spells: 0/0 levels left

rFire   . . .        a - +0 war axe
rCold   . . .        c - +0 buckler
rNeg    . . .        e - +3 ring mail "Viwkod" {Will+}
rPois   .            (helmet currently unavailable)
rElec   .            (cloak currently unavailable)
rCorr   .            (gloves currently unavailable)
SInv    +            (boots currently unavailable)
Will    +....        (no amulet)
Stlth   +            (no ring)
HPRegen 0.42/turn    (no ring)
MPRegen 0.07/turn

%: no passive effects
@: beast-form, healing quickly
A: beast (slay +0), alive, fangs 3, see invisible, vampiric 1
a: Exsanguinate, Begin Untransformation


You were on level 2 of the Dungeon.
You were a hulking beast.
You visited 1 branch of the dungeon, and saw 2 of its levels.

You collected 30 gold pieces.

Inventory:

Hand Weapons
 a - a +0 war axe (weapon)
 g - a +2 short sword of draining
Armour
 b - a +0 scale mail
 c - a +0 buckler (worn)
 e - the +3 ring mail "Viwkod" (worn) {Will+}
   (You found it on level 2 of the Dungeon)

   Will:      It increases your willpower.
Talismans
 i - a beast talisman (active)
Scrolls
 f - a scroll of noise {unknown}
 j - a scroll of fog {unknown}
 k - a scroll of identify {unknown}
Potions
 d - a potion of might
 h - a potion of brilliance {unknown}


   Skills:
 + Level 2.7 Fighting
 + Level 1.7 Axes
 + Level 2.4 Armour
 + Level 2.7 Shields


You couldn't memorise any spells.
You didn't know any spells.
Your spell library was empty.

Dungeon Overview and Level Annotations

Branches:
Dungeon (2/15)

Altars:


Innate Abilities, Weirdness & Mutations

You are a hulking beast.
Your limbs bulge with bestial killing power. (Slay +0)
Your natural rate of healing is accelerated.
You have razor-sharp teeth.
You have supernaturally acute eyesight. (SInv)
You are afflicted with vampirism.


Message History

You slash the endoplasm!
You kill the endoplasm!
Found a scroll labelled QEIDEM NIKLA.
HP restored.
j - a scroll labelled LUNAOF JETS
k - a scroll labelled QEIDEM NIKLA
Found an escape hatch in the ceiling.
There is an escape hatch in the ceiling here.
A gnoll comes into view. It is wielding a +0 flail.
The gnoll shouts!
You hear a shout!
A gnoll comes into view. It is wielding a +0 halberd.
A gnoll comes into view. It is wielding a +0 whip of draining.
The gnoll shouts!
Okay, then.
Okay, then.
There are monsters nearby!
You begin transforming.
You continue transforming. x2
The gnoll hits you with a +0 flail.
You continue transforming.
The gnoll hits you with a +0 flail. The gnoll hits you but does no damage.
You turn into a hulking beast.
You hit the gnoll.
The gnoll is moderately wounded.
The gnoll hits you with a +0 flail.
You hit the gnoll but do no damage.
The gnoll is moderately wounded.
The gnoll hits you but does no damage.
You hit the gnoll but do no damage. You bite the gnoll.
The gnoll is moderately wounded.
The gnoll hits you but does no damage. The gnoll barely misses you.
You barely miss the gnoll. Your bite misses the gnoll.
The gnoll is moderately wounded.
The gnoll closely misses you. x3; You block the gnoll's attack.
You hit the gnoll.
The gnoll is heavily wounded.
The gnoll hits you from afar with a +0 halberd!
Ouch! That really hurt!
* * * LOW HITPOINT WARNING * * *
The gnoll hits you with a +0 whip of draining.
You die...

#..#.#.....# .###
#....#...#.# ...#
#..###.#.#.# ....#
#......#... ....#
#....###.#.###.....#
####.....#...#....
###.###.#gg.#
#.....#g# #...###h#
#.#.....# ### ##
#......## #.####.
#.###.## #...... #.#
#.############.#####
#.###.............<#
#.....##############
#######


You could see 3 gnolls.

Vanquished Creatures
  An endoplasm (D:2)
  A ball python (D:2)
2 creatures vanquished.

Notes
Turn   | Place    | Note
-------+----------+-------------------------------------------
     0 | D:1      | AstroCodex24 the Vampire Fighter began the quest for the
                  | Orb.
     0 | D:1      | Reached XP level 1. HP: 17/17 MP: 1/1
    13 | D:2      | Identified the +3 ring mail "Viwkod" {Will+}
   205 | D:2      | Slain by a gnoll

Illustrated notes

Levels and vault maps discovered:
D:1:      amcnicky_arrival_choice, layout_basic, serial_shops,
          nicolae_shop_tiny_glass, hellmonk_ecumenical_altar_inner_sanctum
D:2:      layout_loops_cross, st_stairs_14, nicolae_eternal_life,
          hangedman_abyss_or_decor_stabs, kennysheep_flooded_box

Action                     || total
---------------------------++-------
  Melee: War axe           ||    10
         Bite              ||     1
 Armour: Ring mail         ||     8
  Dodge: Dodged            ||     5
  Block: Buckler           ||     2
   Form: Beast             ||     1

Table legend: (Time is in decaauts)
 A = Elapsed time spent in this place.
 B = Non-inter-level travel time spent in this place.
 C = Inter-level travel time spent in this place.
 D = Time resting spent in this place.
 E = Time spent auto-exploring this place.
 F = Levels seen in this place.
 G = Mean time per level.
                   A        B        C        D        E       F      G
               +--------+--------+--------+--------+--------+-----+--------+
         Total |    208 |    130 |     78 |      0 |      0 |   2 |  104.0 |
       Dungeon |    208 |    130 |     78 |      0 |      0 |   2 |  104.0 |
               +--------+--------+--------+--------+--------+-----+--------+

Top non-repeatable levels by time:
     D:2: 202 daAuts
     D:1: 6 daAuts
